AoeStats
← Lorbyron

Arabia

508939007Analyzed
2v2 RM · 6d ago on Sep 24, 2026· 63m 38s· 4 players
Game mode
Random Map
Map size
Medium (4 player)
Population
200
Speed
Normal
Resources
Standard
Victory
Conquest
Starting age
Dark Age
Ending age
Imperial Age
RankedLock teamsTeams togetherTeam positionsShared explorationLock speedFull tech treeHidden civsTurbo modeCheats
Victory
Defeat
🇩🇪 Burgundians · Germany
804
+16
🇬🇧 Mongols · United Kingdom
751
+19
🇫🇷 Britons · France
871
-20
🇫🇷 Franks · France
751
-15
CHAOS2247
6:55 Loom
10:42 Feudal Age
11:17 Double-Bit Axe
11:16 Horse Collar
11:30 Gold Mining
11:32 Stone Mining
17:14 Gold Mining
19:58 Castle Age
21:17 Bow Saw
21:37 Fletching
21:58 Forging
21:56 Heavy Plow
25:54 Wheelbarrow
25:21 Bodkin Arrow
28:04 Scale Barding Armor
29:15 Iron Casting
30:15 Chain Barding Armor
30:47 Husbandry
31:05 Bloodlines
36:55 Imperial Age
35:27 Hand Cart
36:37 Ballistics
38:16 Elite Mangudai
38:22 Light Cavalry
40:06 Conscription
40:24 Bracer
40:51 Capped Ram
44:11 Chemistry
43:14 Hussar
45:07 Siege Ram
52:34 Gold Shaft Mining
52:28 Drill
53:59 Blast Furnace
55:19 Heavy Camel Rider
59:35 Caravan
63:35 Coinage
FitTruckerMike
5:09 Double-Bit Axe
8:49 Horse Collar
11:57 Feudal Age
14:54 Bow Saw
15:01 Loom
20:00 Castle Age
18:15 Heavy Plow
18:46 Stone Mining
20:28 Town Watch
21:31 Padded Archer Armor
21:42 Fletching
23:31 Two-Man Saw
22:57 Bodkin Arrow
22:47 Elite Skirmisher
25:06 Wheelbarrow
25:29 Padded Archer Armor
26:50 Leather Archer Armor
30:29 Ballistics
35:56 Crop Rotation
40:05 Scale Barding Armor
45:02 Imperial Age
43:25 Cavalier
45:02 Chain Barding Armor
45:31 Husbandry
45:53 Bracer
46:29 Plate Barding Armor
47:02 Hand Cart
47:00 Paladin
47:53 Forging
48:01 Gold Mining
51:24 Iron Casting
54:47 Chemistry
54:49 Caravan
60:02 Conscription
61:40 Blast Furnace
Triton
6:49 Loom
9:54 Feudal Age
19:32 Castle Age
18:00 Fletching
18:20 Double-Bit Axe
19:32 Forging
19:45 Horse Collar
20:41 Bodkin Arrow
20:08 Crossbowman
25:35 Bow Saw
26:22 Pikeman
27:05 Padded Archer Armor
29:20 Leather Archer Armor
30:06 Iron Casting
33:01 Stone Mining
33:02 Gold Mining
33:17 Heavy Plow
36:54 Imperial Age
35:36 Ballistics
45:35 Halberdier
46:46 Arbalester
47:53 Squires
48:38 Arson
51:04 Two-Man Saw
51:52 Squires
53:10 Wheelbarrow
55:38 Elite Skirmisher
60:26 Chemistry
Lorbyron
11:17 Feudal Age
13:57 Wheelbarrow
14:28 Double-Bit Axe
19:05 Castle Age
19:53 Stone Mining
19:55 Gold Mining
20:18 Bow Saw
21:49 Scale Barding Armor
22:31 Husbandry
26:49 Gold Shaft Mining
27:21 Loom
27:59 Forging
29:07 Chain Barding Armor
34:37 Imperial Age
33:41 Elite Skirmisher
33:57 Ordonnance Companies
35:43 Iron Casting
35:10 Scale Mail Armor
34:34 Pikeman
35:16 Squires
35:04 Cavalier
35:07 Elite Throwing Axeman
41:59 Chain Mail Armor
42:45 Blast Furnace
42:22 Plate Barding Armor
43:13 Caravan
44:23 Paladin
45:51 Plate Mail Armor
45:40 Chivalry
47:56 Chemistry
47:16 Ballistics
53:00 Halberdier
Connection lost

Rejoining the realm…

Still unreachable

The connection could not be restored.

Session expired

The server has moved on; the page needs a fresh start.